 Dungeon Crawl Stone Soup version 0.24.0-29-g8ce449bc06 (webtiles) character file.

Game seed: 15371724499957437079, levelgen mode: deterministic

245 Descartes the Scratcher (level 5, 0/22 HPs)
             Began as a Felid Transmuter on Nov 16, 2019.
             Slain by a centaur
             ... wielding a cursed +0 shortbow
              (1 damage)
             ... on level 5 of the Dungeon.
             The game lasted 00:14:27 (6807 turns).

Descartes the Scratcher (Felid Transmuter)          Turns: 6807, Time: 00:14:28

Health: 0/22       AC:  3    Str:  7    XL:     5   Next: 84%
Magic:  8/9        EV: 20    Int: 15    God:
Gold:   103        SH:  0    Dex: 20    Spells: 7/8 levels left
                                        Lives:  0   Deaths: 1

rFire    . . .     SeeInvis +     - Unarmed
rCold    . . .     Gourm    .   (shield unavailable)
rNeg     . . .     Faith    .   (armour unavailable)
rPois    .         Spirit   .   (helmet unavailable)
rElec    .         Reflect  .   (cloak unavailable)
rCorr    .         Harm     .   (gloves unavailable)
MR       .....                  (boots unavailable)
Stlth    +++.......             (no amulet)
HPRegen  0.07/turn              n - +2 ring of protection
MPRegen  0.11/turn              r - +4 ring of dexterity

@: appendage, quick
A: very small, no armour, no weapons or thrown items, stealth, claws 1, fangs 3,
horns 2, see invisible, carnivore, speed 1, shaggy fur 1, slow metabolism 1,
sharp paws
a: End Transformation


You were on level 5 of the Dungeon.
You were very full.
You had grown temporary horns.
You visited 2 branches of the dungeon, and saw 6 of its levels.

You collected 265 gold pieces.
You spent 162 gold pieces at shops.

Inventory:

Missiles
 a - 12 arrows
 b - 105 stones
Jewellery
 n - a +2 ring of protection (left paw)
 r - a +4 ring of dexterity (right paw)
Wands
 o - a wand of polymorph (9)
 t - a wand of flame (10)
Scrolls
 e - a scroll of enchant weapon {unknown}
 g - a scroll of enchant armour
 i - a scroll of amnesia
 j - 2 scrolls of fear
 k - 5 scrolls of remove curse
 l - a scroll of fog
 p - a scroll of immolation
 s - a scroll of magic mapping {unknown}
Potions
 d - a potion of might
 f - 2 potions of agility
 h - a potion of ambrosia
 m - 2 potions of curing
 q - a potion of lignification
Comestibles
 c - 10 rations


   Skills:
 - Level 1.0 Fighting
 + Level 4.6 Dodging
 + Level 4.0 Stealth
 * Level 5.2 Unarmed Combat
 + Level 2.2 Spellcasting
 + Level 2.5 Transmutations
 + Level 1.0 Evocations


You had 7 spell levels left.
You knew the following spells:

 Your Spells              Type           Power        Failure   Level  Hunger
a - Beastly Appendage     Tmut           #.....       8%          1    #......

Your spell library contained the following spells:

 Spells                   Type           Power        Failure   Level  Hunger
 Sticks to Snakes         Tmut           #.......     12%         2    ###....
 Spider Form              Tmut/Pois      #.........   36%         3    ###....
 Ice Form                 Ice/Tmut       #.......     78%         4    #####..
 Blade Hands              Tmut           #.........   91%         5    ######.


Dungeon Overview and Level Annotations

Branches:
Dungeon (5/15)             Temple (1/1) D:4

Altars:
Ashenzari
Cheibriados
Dithmenos
Elyvilon
Fedhas
Gozag
Hepliaklqana
Kikubaaqudgha
Okawaru
Qazlal
Ru
Sif Muna
Trog
Vehumet
Wu Jian
Xom
Yredelemnul
Zin
The Shining One

Shops:
D:4 }

Annotations:
D:5 1 runed translucent door, tape's ghost, amateur DsAs


Innate Abilities, Weirdness & Mutations

You cannot wear armour.
You are incapable of wielding weapons or throwing items.
Your paws allow you to move quietly. (Stealth)
You have sharp claws.
You have razor-sharp teeth.
You have supernaturally acute eyesight. (SInv)
You are carnivorous and can eat meat at any time.
You cover ground quickly.
You are covered in fur. (AC +1)
You have a slow metabolism.
Your sharp claws are effective at attacking unaware monsters.
You have a pair of horns on your head.


Message History

Confirm with . or Enter, or press ? or * to list all spells.
You grow a pair of large bovine horns.
The centaur shouts!
The centaur wields a cursed +0 shortbow.
The centaur shoots an arrow.
The arrow closely misses you.
The centaur shoots an arrow.
The arrow hits you! The centaur completely misses you.
You scratch the centaur but do no damage.
The centaur misses you.
You scratch the centaur but do no damage.
The centaur closely misses you.
You scratch the centaur but do no damage.
You headbutt the centaur, but do no damage.
The centaur hits you with a cursed +0 shortbow!
* * * LOW HITPOINT WARNING * * *
You closely miss the centaur. You headbutt the centaur.
You bite the centaur, but do no damage.
The centaur is moderately wounded.
The centaur hits you with a cursed +0 shortbow.
You die... #........... #≈≈≈#........... #F)≈#........... #≈≈≈#.....$..... #≈≈≈#........... #≈≈W####'####+# #srS#

#.#
##+#####c####.####
#.....#..@(.......
##..#.#..####.##..
##.#.#...#
#.#'#.#.###.
#............
c......
#####....###.##.#
....... #...'....#
..# .......
#####....# #.#
....... ##....# ..
.......


You could see a centaur.

Vanquished Creatures
  A water moccasin skeleton (D:5)
  A hound (D:5)
  Terence (D:1)
  An iguana (D:4)
  A worker ant (D:4)
  7 adders
  An ooze (D:1)
  An adder skeleton (D:4)
  4 worms
  A leopard gecko (D:3)
  An orc (D:3)
  10 bats
  4 giant cockroaches
  9 goblins
  12 hobgoblins
  5 jackals
  7 kobolds
  2 quokkas
  A ball python (D:1)
  2 frilled lizards
  10 rats
82 creatures vanquished.

Vanquished Creatures (others)
  A frilled lizard (D:2)
1 creature vanquished.

Grand Total: 83 creatures vanquished

Notes
Turn   | Place    | Note
-------+----------+-------------------------------------------
     0 | D:1      | Descartes the Felid Transmuter began the quest for the Orb.
     0 | D:1      | Reached XP level 1. HP: 9/9 MP: 4/4
   249 | D:1      | Reached skill level 1 in Stealth
   328 | D:1      | Reached XP level 2. HP: 12/12 MP: 6/6
  1301 | D:1      | Reached XP level 3. HP: 15/15 MP: 7/7
  1966 | D:2      | Found Zin's Purification Station.
  1966 | D:2      | Found a glowing silver altar of Zin.
  1967 | D:2      | Noticed Terence
  2006 | D:1      | Killed Terence
  2006 | D:1      | Reached skill level 4 in Unarmed Combat
  2006 | D:1      | Reached XP level 4. HP: 10/19 MP: 8/8
  2630 | D:2      | Found a white marble altar of Elyvilon.
  2907 | D:2      | Found a faded altar of an unknown god.
  3079 | D:2      | Bought a potion of curing for 90 gold pieces
  3150 | D:2      | Found a stormy altar of Qazlal.
  3724 | D:3      | Reached XP level 5. HP: 22/22 MP: 9/9
  3749 | D:3      | Found an opulent altar of Gozag.
  3850 | D:3      | Slain by a worm
  3851 | D:3      | Reached XP level 4. HP: -5/19 MP: 8/8
  4815 | D:3      | Found a hazy altar of Hepliaklqana.
  5157 | D:4      | Found a staircase to the Ecumenical Temple.
  5177 | Temple   | Entered the Ecumenical Temple
  5294 | D:4      | Found Umugergh's Gadget Emporium.
  5299 | D:4      | Bought a wand of flame (10) for 72 gold pieces
  5454 | D:4      | Reached skill level 5 in Unarmed Combat
  5454 | D:4      | Reached XP level 5. HP: 7/22 MP: 9/9
  5992 | D:5      | Entered Level 5 of the Dungeon
  6333 | D:5      | Noticed a troll
  6333 | D:5      | Noticed a centaur
  6677 | D:5      | Found a runed translucent door.
  6681 | D:5      | Noticed tape's ghost (amateur DsAs)
  6718 | D:5      | Reached skill level 1 in Evocations
  6806 | D:5      | HP: 1/22 [centaur/cursed +0 shortbow (7)]
  6807 | D:5      | Slain by a centaur

Levels and vault maps discovered:
D:1:      roderic_crop_circles_arrival_small, layout_basic, chequers_garden
D:2:      layout_rooms, elyvilon_altar_4, zin_purify,
          nicolae_qazlal_general_emergency, chequers_ecumenical_altar_grove,
          uniq_terence
D:3:      layout_loops_ring, lemuel_round_altar, first_ration,
          grunt_gozag_breadcrumbs
D:4:      layout_gridville, temple_doors_e, serial_shops, kennysheep_little_box
D:5:      layout_basic, ebering_ghost_sewer_f, led_sif_pool
Temple:   minmay_freezing_vapour_temple

Skill      XL: |  1  2  3  4  5 |
---------------+----------------+-----
Dodging        | 3 4 |  4.6
Stealth        | 1 2 3 4 |  4.0
Unarmed Combat | 4 5 |  5.2
Evocations     | 1 |  1.0
Fighting       | |  1.0
Spellcasting   | |  2.2
Transmutations | |  2.5

Action                   |  1- 3 |  4- 6 || total
-------------------------+-------+-------++-------
Melee: Unarmed           |   105 |   217 ||   322
       Bite              |    12 |    10 ||    22
       Punch             |     1 |     2 ||     3
       Headbutt          |       |     8 ||     8
 Cast: Beastly Appendage |       |    12 ||    12
  Use: Potion            |     1 |     1 ||     2
       Scroll            |       |     9 ||     9
 Stab: Sleeping          |     6 |    12 ||    18
       Distracted        |       |     3 ||     3
  Eat: Chunk             |     9 |    14 ||    23
Armor: Skin              |     3 |    11 ||    14
Dodge: Dodged            |    70 |   156 ||   226
